 Dungeon Crawl Stone Soup version 0.31-a0-795-g5eb97db20b (webtiles) character file.

Game seed: 10512697708731746521

(classic levelgen) 10116 Amnesiac the Geomancer (level 11, -4/166 HPs)
             Began as a Demigod Earth Elementalist on Sept 18, 2023.
             Slain by an ogre
             ... wielding a +0 giant spiked club
              (22 damage)
             ... on level 1 of the Orcish Mines.
             The game lasted 00:19:40 (9464 turns).

Amnesiac the Geomancer (Demigod Earth Elementalist) Turns: 9464, Time: 00:19:41

Health: -4/166     AC: 25    Str: 15    XL:     11   Next: 10%
Magic:  28/28      EV:  2    Int: 29    God:
Gold:   690        SH:  5    Dex: 14    Spells: 18/28 levels left

rFire   . . .        R - +0 dagger (drain)
rCold   . . .        K - orb {light}
rNeg    . . .        P - melded +0 steam dragon scales
rPois   +            w - melded +1 helmet
rElec   .            f - melded scarf {+Inv}
rCorr   .            N - melded +0 pair of gloves
SInv    .            y - melded +0 pair of boots
Will    +....        c - amulet of reflection Stlth
                     C - +6 ring of strength
HPRegen 0.47/turn    (no ring)
MPRegen 0.21/turn

%: reflection
@: berserking (expiring), tree-form, glowing, very quick
A: stationary, stasis, torment immunity, boosted hp, high MP 1, forlorn, divine
attributes
a: no special abilities


You were on level 1 of the Orcish Mines.
You were a tree.
You visited 2 branches of the dungeon, and saw 12 of its levels.

You collected 690 gold pieces.

Inventory:

Hand Weapons
 l - a +3 sling
 R - a +0 dagger of draining (weapon)
Missiles
 e - 9 curare-tipped darts
 F - a throwing net
Armour
 f - a scarf of invisibility (melded)
 w - a +1 helmet (melded)
 y - a +0 pair of boots (melded)
 K - an orb of light (worn)
 N - a +0 pair of gloves (melded)
 P - +0 steam dragon scales (melded)
Jewellery
 c - an amulet of reflection (around neck)
 x - a ring of ice
 B - a ring of fire
 C - a +6 ring of strength (left branch)
 O - a +6 ring of strength
Talismans
 g - a flux talisman
Wands
 q - a wand of roots (24)
 G - a wand of paralysis (10)
 L - a wand of digging (5)
Scrolls
 d - a scroll of acquirement {!r, unknown}
 h - a scroll of brand weapon {!r, unknown}
 i - 5 scrolls of immolation {!r, unknown}
 m - 9 scrolls of identify {!r, unknown}
 p - 4 scrolls of blinking {!r, unknown}
 r - a scroll of butterflies {!r, unknown}
 s - 2 scrolls of poison {!r, unknown}
 u - 3 scrolls of teleportation {!r, unknown}
 v - 2 scrolls of revelation {!r, unknown}
 z - 3 scrolls of vulnerability {!r, unknown}
 D - a scroll of enchant weapon {!r, unknown}
 E - a scroll of enchant armour {!r, unknown}
 I - 2 scrolls of noise {!r, unknown}
 J - 2 scrolls of fog {!r, unknown}
 S - a scroll of amnesia {!r, unknown}
Potions
 a - a potion of ambrosia {!q, unknown}
 b - a potion of magic {!q}
 j - a potion of haste {!q, unknown}
 k - 3 potions of curing {!q}
 n - 2 potions of lignification {!q}
 o - a potion of berserk rage {!q}
 t - a potion of cancellation {!q, unknown}
 A - a potion of attraction {!q, unknown}
 H - a potion of resistance {!q, unknown}
 M - a potion of brilliance {!q, unknown}
 Q - a potion of mutation {!q, unknown}


   Skills:
 - Level 1.7 Dodging
 - Level 1.7 Stealth
 + Level 9.0 Spellcasting
 - Level 0.8 Transmutations
 * Level 13.5 Earth Magic


You had 18 spell levels left.
You knew the following spells:

 Your Spells              Type           Power      Damage    Failure   Level
a - Sandblast             Erth           100%       2d20      0%          1
b - Passwall              Tmut/Erth      44%        N/A       1%          2
c - Stone Arrow           Conj/Erth      100%       3d13      1%          3
e - Petrify               Tmut/Erth      53%        N/A       2%          4

Your spell library contained the following spells:

 Spells                   Type           Power      Damage    Failure   Level
 Brom's Barrelling Bould  Conj/Erth      51%        2d7       2%          4
 Magic Dart               Conj           52%        1d5       4%          1
 Cigotuvi's Dreadful Rot  Necr/Pois/Air  26%        N/A       6%          2
 Poisonous Vapours        Pois/Air       26%        N/A       6%          2
 Searing Ray              Conj           26%        2d5       6%          2
 Ignite Poison            Fire/Tmut/Pois 14%        N/A       11%         3
 Mephitic Cloud           Conj/Pois/Air  13%        N/A       12%         3
 Animate Dead             Necr           13%        N/A       38%         4
 Fulminant Prism          Conj/Hex       6%         3d7       38%         4
 Manifold Assault         Tloc           13%        N/A       38%         4
 Olgreb's Toxic Radiance  Pois           13%        N/A       38%         4
 Freezing Cloud           Conj/Ice/Air   6%         6-21      75%         5
 Dispersal                Tloc           6%         N/A       99%         6
 Haunt                    Necr/Summ      6%         N/A       100%        7
 Discord                  Hex            6%         N/A       100%        8
 Disjunction              Tloc           6%         N/A       100%        8
 Ignition                 Fire           6%         3d4       100%        8
 Infestation              Necr           6%         N/A       100%        8


Dungeon Overview and Level Annotations

Branches:
Dungeon (11/15)            Temple (0/1) D:5            Lair (0/5) D:11
    Orc (1/2) D:11

Shops:
D:4 :   D:8 *   D:11 [


Innate Abilities, Weirdness & Mutations

You are a tree.
Your roots penetrate the ground, keeping you stationary.
You cannot be teleported.
You are immune to unholy pain and torment.
Your maximum health is greatly increased.
Your equipment is partially melded.
You have an increased reservoir of magic. (+10% MP)
You shall have no god before yourself.
Your divine heritage dramatically boosts your attributes as you level up.


Message History

* * * LOW HITPOINT WARNING * * *
The orc warrior hits you with a +0 flail!
* * * LOW HITPOINT WARNING * * *
It was a potion of curing {!q}.
You feel better. The warg bites you.
* * * LOW HITPOINT WARNING * * *
You block the orc warrior's attack. The warg barely misses you.
Okay, then.
The warg pauses to sniff the ground.
The warg attacks as it pursues you! The warg bites you.
* * * LOW HITPOINT WARNING * * *
The orc warrior attacks as it pursues you!
The orc warrior hits you with a +0 flail.
* * * LOW HITPOINT WARNING * * *
You see here 14 gold pieces.
The warg attacks as it pursues you! The warg bites you but does no damage.
It was a potion of lignification {!q}.
You turn into a tree.
Your roots penetrate the ground.
The warg bites you but does no damage.
The orc wizard casts a spell.
The orc wizard flickers and vanishes!
Deactivating autopickup; reactivate with Ctrl-A.
The warg bites you but does no damage.
It was a potion of berserk rage {!q}.
A red film seems to cover your vision as you go berserk!
You feel yourself moving faster!
You feel mighty! The warg bites you but does no damage.
Okay, then.
You hit the warg. You drain the warg.
The warg is severely wounded.
The warg bites you but does no damage.
You completely miss the warg.
The warg is severely wounded.
The orc hits you but does no damage. You block the warg's attack.
You puncture the warg!
The warg is almost dead.
The orc hits you with a +0 whip.
* * * LOW HITPOINT WARNING * * *
The orc hits you but does no damage. The warg bites you.
* * * LOW HITPOINT WARNING * * *
You puncture the warg!
You kill the warg!
You barely miss the ogre.
The ogre is heavily wounded.
The orc hits you but does no damage. The orc hits you with a +0 morningstar.
* * * LOW HITPOINT WARNING * * *
You hit the ogre. You drain the ogre.
The ogre is severely wounded.
You block the ogre's attack. The orc completely misses you.
You block the orc's attack.
You hit the ogre but do no damage. You drain the ogre.
The ogre is severely wounded.
You hit the ogre.
The ogre is almost dead.
The orc hits you but does no damage. You block the ogre's attack.
A troll comes into view.
The ogre hits you but does no damage. The orc hits you but does no damage.
You completely miss the ogre.
The ogre is almost dead.
The troll shouts!
You hear a shout! x2
You block the orc's attack. The orc hits you with a +0 morningstar.
* * * LOW HITPOINT WARNING * * *
You puncture the ogre!
You kill the ogre!
The ogre hits you with a +0 giant spiked club!!
You die...

.....##..#......#.
#....#............
##$...........#...
#.................
##.#..........#.$$
#.o...............
#..Oo.o...........
##o###..$.....#...
#♣#.#..o....<.....
#Ooo...............
##.............##..
##................
..........$.......
...................
......T............
.......#..>.....#
..............#


You could see a troll, an orc warrior, 2 ogres, an orc wizard (invisible) and 3
orcs.

Vanquished Creatures
  2 two-headed ogres
  A boulder beetle (D:11)
  Erica (D:9)
  A manticore (D:11)
  An unseen horror (D:11)
  Grinder (D:4)
  3 yaks (D:9)
  A vampire (D:11)
  3 wyverns
  The ghost of shbulbulush the Shield-Bearer, an amateur MiFi (D:5)
  A steam dragon (D:10)
  Menkaure (D:4)
  Edmund (D:5)
  A warg (Orc:1)
  3 water moccasins (D:7)
  2 ice beasts
  11 orc warriors
  2 sky beasts (D:7)
  3 ogres
  3 black bears
  4 centaurs
  2 phantoms (D:6)
  4 kobold brigands
  Blork the orc (D:4)
  2 gnoll sergeants
  3 bullfrogs
  2 scorpions
  7 wights
  6 killer bees
  A hound (D:5)
  9 orc priests
  3 gnoll boudas
  Crazy Yiuf (D:5)
  3 jellies
  Ijyb (D:5)
  2 iguanas
  13 orc wizards
  Robin (D:4)
  14 adders
  19 gnolls
  2 ufetubi
  3 worms
  A dart slug (D:1)
  41 orcs
  3 ball pythons
  An endoplasm (D:1)
  3 giant cockroaches
  15 goblins
  6 hobgoblins
  18 kobolds
  9 quokkas
  7 bats
  2 frilled lizards
  6 rats
258 creatures vanquished.

Vanquished Creatures (others)
  An ogre (D:5)
  A hound (D:5)
  An orc (D:5)
3 creatures vanquished.

Grand Total: 261 creatures vanquished

Notes
Turn   | Place    | Note
-------+----------+-------------------------------------------
     0 | D:1      | Amnesiac the Demigod Earth Elementalist began the quest for
                  | the Orb.
     0 | D:1      | Reached XP level 1. HP: 14/14 MP: 5/5
   141 | D:1      | Reached skill level 3 in Earth Magic
   196 | D:1      | Reached XP level 2. HP: 20/20 MP: 1/7
   699 | D:2      | Reached XP level 3. HP: 26/26 MP: 7/9
   929 | D:2      | Reached skill level 4 in Earth Magic
  1245 | D:3      | Reached XP level 4. HP: 33/33 MP: 7/10
  1253 | D:3      | Learned a level 2 spell: Passwall
  1257 | D:3      | Learned a level 3 spell: Stone Arrow
  1828 | D:4      | Noticed Menkaure
  1834 | D:4      | Killed Menkaure
  1835 | D:4      | Reached skill level 5 in Earth Magic
  1835 | D:4      | Reached XP level 5. HP: 38/38 MP: 5/12
  1837 | D:4      | Found Quhel's Book Emporium.
  1950 | D:4      | Noticed Robin
  1959 | D:4      | Killed Robin
  2104 | D:4      | Noticed Grinder
  2111 | D:4      | Paralysed by Grinder for 5 turns
  2121 | D:4      | Killed Grinder
  2122 | D:4      | Reached XP level 6. HP: 45/45 MP: 7/14
  2243 | D:4      | Reached skill level 6 in Earth Magic
  2258 | D:4      | Noticed Blork the orc
  2260 | D:4      | Killed Blork the orc
  2456 | D:4      | Learned a level 4 spell: Petrify
  2674 | D:5      | Entered Level 5 of the Dungeon
  2693 | D:5      | Reached XP level 7. HP: 50/50 MP: 13/16
  2754 | D:5      | Found a runed translucent door.
  2756 | D:5      | Noticed shbulbulush's ghost (amateur MiFi)
  2764 | D:5      | Noticed Edmund
  3052 | D:5      | Found a staircase to the Ecumenical Temple.
  3073 | D:5      | Identified the +0 hand axe of the Real Monster {heavy, rF-
                  | rC+ Int+4 Dex+3}
  3097 | D:5      | Reached skill level 7 in Earth Magic
  3129 | D:5      | Found a runed translucent door.
  3279 | D:5      | Noticed Ijyb
  3286 | D:5      | Killed Ijyb
  3459 | D:5      | Killed Edmund
  3460 | D:5      | Reached skill level 5 in Spellcasting
  3460 | D:5      | Reached XP level 8. HP: 57/57 MP: 8/19
  3624 | D:5      | Reached skill level 8 in Earth Magic
  3770 | D:5      | Found a runed translucent door.
  3771 | D:5      | Noticed Crazy Yiuf
  3994 | D:5      | Killed Crazy Yiuf
  4050 | D:5      | Killed shbulbulush's ghost
  4360 | D:6      | Reached skill level 9 in Earth Magic
  4904 | D:7      | Reached XP level 9. HP: 54/62 MP: 18/22
  5084 | D:7      | Reached skill level 10 in Earth Magic
  5576 | D:7      | Reached skill level 11 in Earth Magic
  5760 | D:8      | Found Dyasuik's Assorted Antiques.
  6453 | D:9      | Reached XP level 10. HP: 46/69 MP: 17/25
  6526 | D:9      | Noticed Erica
  6530 | D:9      | Killed Erica
  6579 | D:9      | Reached skill level 12 in Earth Magic
  7012 | D:10     | Entered Level 10 of the Dungeon
  7330 | D:10     | Noticed a two-headed ogre
  7344 | D:10     | Killed a two-headed ogre
  8136 | D:11     | Noticed a two-headed ogre
  8294 | D:11     | Reached skill level 13 in Earth Magic
  8419 | D:11     | Killed a two-headed ogre
  8522 | D:11     | Found a staircase to the Orcish Mines.
  8806 | D:11     | Found Tuocut's Armour Shoppe.
  8844 | D:11     | Noticed a boulder beetle
  8904 | D:11     | Killed a boulder beetle
  8905 | D:11     | Reached XP level 11. HP: 42/74 MP: 18/28
  9071 | D:11     | Found a staircase to the Lair.
  9421 | Orc:1    | Entered Level 1 of the Orcish Mines
  9464 | Orc:1    | Slain by an ogre

Illustrated notes

Levels and vault maps discovered:
D:1:      evilmike_arrival_crescent, layout_basic,
          ebering_ecumenical_altar_abandoned
D:2:      layout_rooms, basic_altar
D:3:      layout_basic, grunt_qazlal_sundering, serial_aquarium,
          aquarium_bridge_straight [aquarium_subvault_bridge,
          aquarium_subvault_window, aquarium_subvault_bridge,
          aquarium_subvault_wall], aquarium_window_corner, aquarium_window_1,
          aquarium_view_2b, aquarium_pool_2, grunt_decor_cap,
          chequers_serial_rivers_large_b
D:4:      layout_basic, serial_shops, kennysheep_mini_moat,
          kennysheep_cross_room, uniq_robin, uniq_menkaure, uniq_grinder,
          uniq_blork_the_orc
D:5:      layout_loops_ring, xom_confusion_cloud, minmay_temple_entry_overgrown,
          ebering_ghost_sewer_f, uniq_crazy_yiuf_cottage, uniq_edmund, uniq_ijyb
D:6:      layout_loops_ring
D:7:      layout_basic
D:8:      layout_rooms, mainiacjoe_overflow_catwalk_spiral, serial_shops,
          nicolae_shop_statue_plus
D:9:      layout_roguey, worldfamousw_hep_ancestral_shrine, uniq_erica
D:10:     layout_loops_ring, minmay_orc_keep
D:11:     layout_basic, lair_entry_dummy, erik_orc_3, serial_shops, shop
Orc:1:    layout_caves, serial_shops, nicolae_shop_tiny_statue_garden

Skill      XL: |  1  2  3  4  5  6  7  8  9 10 11 |
---------------+----------------------------------+-----
Earth Magic    | 3 4 5 6 7 9 11 13 | 13.5
Spellcasting   | 2 3 4 5 6 7 8 9 |  9.0
Dodging        | |  1.7
Stealth        | |  1.7
Transmutations | |  0.8

Action                     |  1- 3 |  4- 6 |  7- 9 | 10-12 || total
---------------------------+-------+-------+-------+-------++-------
  Melee: Unarmed           |    29 |       |       |       ||    29
         Dagger            |       |       |       |    55 ||    55
   Cast: Sandblast         |    45 |    56 |   188 |   130 ||   419
         Stone Arrow       |       |       |    23 |    22 ||    45
         Passwall          |       |       |     3 |       ||     3
         Petrify           |       |       |     1 |    17 ||    18
  Evoke: Wand              |       |       |       |     2 ||     2
    Use: Potion            |       |       |       |     3 ||     3
   Stab: Petrified         |       |       |       |    26 ||    26
         Paralysed         |       |       |       |    11 ||    11
         Petrifying        |       |       |       |     3 ||     3
 Armour: Robe              |    17 |    24 |    34 |    12 ||    87
         Skin              |       |       |    24 |    15 ||    39
         Steam dragon scal |       |       |       |    61 ||    61
  Dodge: Dodged            |    18 |    13 |    43 |    52 ||   126
  Block: Other             |     5 |     8 |    20 |       ||    33
         Reflection        |       |       |     3 |       ||     3
         Orb               |       |       |     1 |    24 ||    25
         Form:             |     1 |       |       |       ||     1
         Flux              |     1 |       |       |       ||     1

Table legend: (Time is in decaauts)
 A = Elapsed time spent in this place.
 B = Non-inter-level travel time spent in this place.
 C = Inter-level travel time spent in this place.
 D = Time resting spent in this place.
 E = Time spent auto-exploring this place.
 F = Levels seen in this place.
 G = Mean time per level.
                   A        B        C        D        E       F      G
               +--------+--------+--------+--------+--------+-----+--------+
         Total |   9707 |   9125 |    582 |   1144 |   6435 |  12 |  808.9 |
       Dungeon |   9678 |   9097 |    581 |   1144 |   6435 |  11 |  879.8 |
  Orcish Mines |     29 |     29 |      0 |      0 |      0 |   1 |   29.0 |
               +--------+--------+--------+--------+--------+-----+--------+

Top non-repeatable levels by time:
     D:5: 1451 daAuts
    D:11: 1254 daAuts
    D:10: 1216 daAuts
     D:4: 1050 daAuts
     D:7: 886 daAuts
     D:6: 785 daAuts
     D:1: 710 daAuts
     D:3: 649 daAuts
     D:9: 639 daAuts
     D:8: 533 daAuts
     D:2: 500 daAuts
   Orc:1: 29 daAuts
